 Dungeon Crawl Stone Soup version 0.26-a0-651-gb41185065b (webtiles) character file.

Game seed: 17275767773844030797

385 Apogee the Shooter (level 7, 0/54 HPs)
             Began as a Human Hunter on Oct 22, 2020.
             Slain by an orc wizard
             ... wielding a +0 dagger
              (2 damage)
             ... on level 5 of the Dungeon.
             The game lasted 00:05:21 (4044 turns).

Apogee the Shooter (Human Hunter)                   Turns: 4044, Time: 00:05:21

Health: 0/54       AC:  5    Str: 14    XL:     7   Next: 6%
Magic:  7/7        EV: 11    Int: 11    God:
Gold:   277        SH:  0    Dex: 14    Spells: 6/6 levels left

rFire    . . .     SeeInvis .   a - +1 shortbow
rCold    . . .     Faith    .   (shield currently unavailable)
rNeg     . . .     Spirit   .   r - +0 ring mail
rPois    .         Reflect  .   (no helmet)
rElec    .         Harm     .   (no cloak)
rCorr    .         Rampage  .   (no gloves)
MR       .....                  (no boots)
Stlth    +.........             (no amulet)
HPRegen  0.18/turn              (no ring)
MPRegen  0.10/turn              (no ring)

@: no status effects
A: no striking features
a: no special abilities


You were on level 5 of the Dungeon.
You visited 1 branch of the dungeon, and saw 5 of its levels.

You collected 277 gold pieces.

Inventory:

Hand Weapons
 a - a +1 shortbow (weapon)
 b - a +1 dagger of venom
   (You took it off a kobold on level 1 of the Dungeon)
 j - a +0 short sword
Missiles
 v - 65 arrows (quivered)
Armour
 r - a +0 ring mail (worn)
   (You found it on level 2 of the Dungeon)
 y - a +0 leather armour
Jewellery
 B - an uncursed amulet of magic regeneration {unknown}
   (You found it on level 5 of the Dungeon)
Wands
 c - a wand of disintegration (17)
   (You found it on level 4 of the Dungeon)
 d - a wand of iceblast (16)
   (You found it on level 3 of the Dungeon)
 t - a wand of flame (17)
   (You found it on level 3 of the Dungeon)
Scrolls
 e - 2 scrolls of immolation {unknown}
 g - 3 scrolls of random uselessness {unknown}
 h - a scroll of magic mapping {unknown}
 i - 4 scrolls of identify {unknown}
 m - 3 scrolls of fear {unknown}
 n - 4 scrolls of teleportation {unknown}
 q - a scroll of fog {unknown}
 u - 2 scrolls of enchant armour {unknown}
 w - 2 scrolls of blinking {unknown}
 A - a scroll of remove curse {unknown}
Potions
 f - a potion of magic {unknown}
 k - 3 potions of curing {@q1}
 l - a potion of flight {unknown}
 o - 2 potions of degeneration {unknown}
 p - a potion of mutation {unknown}
 s - 2 potions of stabbing {unknown}
 x - a potion of heal wounds {unknown}
 z - a potion of might {unknown}


   Skills:
 + Level 4.2 Fighting
 * Level 6.8 Bows
 - Level 2.0 Dodging
 - Level 1.0 Stealth


You had 6 spell levels left.
You didn't know any spells.
Your spell library was empty.

Dungeon Overview and Level Annotations

Branches:
Dungeon (5/15)
 Temple: D:4-7

Altars:
Elyvilon
Nemelex Xobeh
Trog
Vehumet


Message History

You see here a scroll labeled REGOENU PUISU.
An orc wizard is nearby!
An orc wizard is nearby!
A bullfrog skeleton comes into view.
A giant cockroach and an ice beast come into view.
The orc wizard gestures at you while chanting.
The puff of frost hits you!
The giant cockroach moves out of view.
The orc wizard hits you but does no damage.
Found a scroll labeled VEL VAODIBAGG.
You barely miss the orc wizard.
The orc wizard hits you but does no damage.
You closely miss the orc wizard.
The orc wizard hits you but does no damage.
You hit the orc wizard. The orc wizard closely misses you.
You closely miss the orc wizard.
The orc wizard casts a spell.
The orc wizard seems to speed up.
The ice beast hits you. The ice beast freezes you!
A worker ant zombie comes into view.
The orc wizard gestures at you while chanting.
The magic dart hits you!
* * * LOW HITPOINT WARNING * * *
The orc wizard closely misses you. The orc wizard closely misses you.
The orc wizard hits you but does no damage.
The orc wizard barely misses you. The orc wizard casts a spell at you.
The puff of flame misses you.
The orc wizard points at you and mumbles some strange words.
The magic dart hits you.
* * * LOW HITPOINT WARNING * * *
The orc wizard points at you and mumbles some strange words.
The puff of flame hits you!
* * * LOW HITPOINT WARNING * * *
Your +1 dagger of venom stops dripping with poison.
a - a +1 shortbow (weapon)
The orc wizard casts a spell at you. The puff of frost hits you!
* * * LOW HITPOINT WARNING * * *
You are too injured to fight recklessly!
Firing (i - inventory)
v - 67 arrows (quivered)
Aim: an orc wizard, wielding a +0 dagger and wearing a +0 robe (fast)
You shoot an arrow. The arrow hits the orc wizard!
Firing (i - inventory)
v - 66 arrows (quivered)
Aim: an orc wizard, wielding a +0 dagger and wearing a +0 robe (heavily wounded, fast)
You shoot an arrow. The arrow hits the orc wizard!
The orc wizard hits you with a +0 dagger.
* * * LOW HITPOINT WARNING * * *
The orc wizard hits you with a +0 dagger.
You die...

#### ...# . ...# .# #..# ...#..#
##### ...#..# #...#
......###################.#.#####
#Z.......#sZo@.........#...#⌠# .
#........#.#########.#####.8.# .#
###s###..#.### #...#......
...#..Y..#..s...# ###.#.#....
⌠..#.!.?.#......# #...#.8.#
⌠⌠........Y.....# #####.###
⌠..#.$...#......... #.#
...#.....#......### #.### .#
###.###.###### #..<.


You could see an orc wizard (fast), a giant cockroach and a bullfrog skeleton.

Vanquished Creatures
  Dowan (D:4)
  A bullfrog zombie (D:5)
  Jessica (D:3)
  3 worker ants
  A hound skeleton (D:4)
  3 gnolls (D:3)
  7 adders
  An ufetubus (D:5)
  An adder zombie (D:5)
  An adder skeleton (D:4)
  A worm (D:2)
  2 dart slugs
  3 leopard geckos
  2 orcs (D:2)
  2 ball pythons
  7 giant cockroaches
  9 goblins
  12 hobgoblins
  4 quokkas (D:2)
  5 bats
  4 frilled lizards
  10 kobolds
  9 rats
90 creatures vanquished.

Notes
Turn   | Place    | Note
-------+----------+-------------------------------------------
     0 | D:1      | Apogee the Human Hunter began the quest for the Orb.
     0 | D:1      | Reached XP level 1. HP: 16/16 MP: 1/1
   557 | D:1      | Reached XP level 2. HP: 22/22 MP: 2/2
  1015 | D:2      | Reached XP level 3. HP: 25/28 MP: 3/3
  1100 | D:2      | Found a bloodstained altar of Trog.
  1412 | D:2      | Reached skill level 5 in Bows
  1412 | D:2      | Reached XP level 4. HP: 17/34 MP: 4/4
  2143 | D:3      | Noticed Jessica
  2178 | D:3      | Killed Jessica
  2178 | D:3      | Reached XP level 5. HP: 25/41 MP: 5/5
  2876 | D:3      | Reached skill level 6 in Bows
  3081 | D:4      | Found a white marble altar of Elyvilon.
  3087 | D:4      | Reached XP level 6. HP: 42/48 MP: 6/6
  3604 | D:4      | Noticed Dowan
  3624 | D:4      | Killed Dowan
  3650 | D:5      | Entered Level 5 of the Dungeon
  3675 | D:5      | Found a radiant altar of Vehumet.
  3678 | D:5      | Found a sparkling altar of Nemelex Xobeh.
  3735 | D:5      | Reached XP level 7. HP: 12/54 MP: 7/7
  4042 | D:5      | HP: 2/54 [orc wizard/puff of frost (8)]
  4044 | D:5      | Slain by an orc wizard

Illustrated notes

Levels and vault maps discovered:
D:1:      mrwooster_arrival_statue_3, layout_basic
D:2:      layout_loops_ring, trog_butcher_becter
D:3:      corexii_shack_village, layout_rooms, uniq_jessica
D:4:      layout_rooms, elyvilon_altar_5, minmay_temple_entry_offerings,
          uniq_duvessa
D:5:      layout_loops_ring, minitemple, minmay_chambers_of_fives, uniq_grinder,
          uniq_prince_ribbit1

Skill      XL: |  1  2  3  4  5  6 |
---------------+-------------------+-----
Bows           | 5 6 |  6.8
Fighting       | 3 4 |  4.2
Dodging        | |  2.0
Stealth        | |  1.0

Action                   |  1- 3 |  4- 6 |  7- 9 || total
-------------------------+-------+-------+-------++-------
Melee: Short sword       |    10 |       |       ||    10
       Dagger            |    69 |   225 |    17 ||   311
 Fire: Shortbow          |       |     2 |     2 ||     4
  Use: Potion            |       |     1 |       ||     1
 Stab: Sleeping          |     1 |       |       ||     1
Armor: Leather armour    |    16 |     3 |       ||    19
       Ring mail         |       |    67 |     5 ||    72
Dodge: Dodged            |    52 |   142 |    14 ||   208

Table legend: (Time is in decaauts)
 A = Elapsed time spent in this place.
 B = Non-inter-level travel time spent in this place.
 C = Inter-level travel time spent in this place.
 D = Time resting spent in this place.
 E = Time spent auto-exploring this place.
 F = Levels seen in this place.
 G = Mean time per level.
                   A        B        C        D        E       F      G
               +--------+--------+--------+--------+--------+-----+--------+
         Total |   4043 |   3933 |    110 |    360 |   2783 |   5 |  808.6 |
       Dungeon |   4043 |   3933 |    110 |    360 |   2783 |   5 |  808.6 |
               +--------+--------+--------+--------+--------+-----+--------+

Top non-repeatable levels by time:
     D:2: 1280 daAuts
     D:3: 897 daAuts
     D:1: 879 daAuts
     D:4: 594 daAuts
     D:5: 392 daAuts
